 Dungeon Crawl Stone Soup version 0.29.1-2-gbd0b4ee654 (webtiles) character file.

Game seed: 10328065355861309064

108 BlackCrag the Gusty (level 4, -1/24 HPs)
             Began as a Deep Elf Air Elementalist on Oct 29, 2022.
             Slain by an endoplasm (3 damage)
             ... on level 3 of the Dungeon.
             The game lasted 00:12:19 (3220 turns).

BlackCrag the Gusty (Deep Elf Air Elementalist)     Turns: 3220, Time: 00:12:20

Health: -1/24      AC:  6    Str:  5    XL:     4   Next: 58%
Magic:  16/21      EV: 12    Int: 22    God:
Gold:   149        SH:  0    Dex: 15    Spells: 1/11 levels left

rFire   . . .      SeeInvis .   o - +3 dagger
rCold   . . .      Faith    .   (no shield)
rNeg    . . .      Spirit   .   a - +0 robe
rPois   .          Reflect  .   (no helmet)
rElec   .          Harm     .   (no cloak)
rCorr   .          Rampage  .   (no gloves)
Will    .....                   (no boots)
Stlth   ++........              (no amulet)
HPRegen 0.08/turn               f - ring of magical power
MPRegen 0.17/turn               l - +4 ring of protection

@: no status effects
A: no striking features
a: no special abilities


You were on level 3 of the Dungeon.
You visited 1 branch of the dungeon, and saw 4 of its levels.

You collected 149 gold pieces.

Inventory:

Hand Weapons
 o - a +3 dagger (weapon)
Armour
 a - a +0 robe (worn)
Jewellery
 f - a ring of magical power (left hand)
 l - a +4 ring of protection (right hand)
Scrolls
 d - a scroll of poison {unknown}
 e - 2 scrolls of blinking {unknown}
 g - a scroll of fear {unknown}
 j - a scroll of torment {unknown}
 k - a scroll of noise {unknown}
 m - a scroll of brand weapon {unknown}
Potions
 b - a potion of magic
 c - a potion of flight {unknown}
 h - a potion of cancellation {unknown}
 i - 2 potions of curing {unknown}
 n - 2 potions of degeneration {unknown}


   Skills:
 + Level 2.5 Dodging
 + Level 2.9 Stealth
 + Level 4.1 Spellcasting
 + Level 2.1 Conjurations
 * Level 4.3 Air Magic


You had one spell level left.
You knew the following spells:

 Your Spells              Type           Power      Damage    Failure   Level
a - Shock                 Conj/Air       72%        1d7       3%          1
b - Static Discharge      Conj/Air       18%        3-6/arc   4%          2
c - Swiftness             Air            23%        N/A       5%          3
d - Airstrike             Air            11%        2d(2-18)  19%         4

Your spell library contained the following spells:

 Spells                   Type           Power      Damage    Failure   Level
 Apportation              Tloc           8%         N/A       11%         1
 Necrotise                Necr           16%        1d4       11%         1
 Summon Small Mammal      Summ           16%        N/A       11%         1


Dungeon Overview and Level Annotations

Branches:
Dungeon (4/15)
 Temple: D:4-7

Altars:

Shops:
D:3 :

Annotations:
D:3 1800 2 books
D:4 Pikel


Message History

(D) Dungeon
Where to? (? - help)
You see here 8 stones.
There is a stone staircase leading down here.
You climb downwards.
Level annotation: 1800 2 books
There is a stone staircase leading up here.
There are monsters nearby!
Casting: Shock (safe; 3% risk of failure)
Confirm with . or Enter, or press ? or * to list all spells.
You don't know that spell.
Aiming: Shock (safe; 3% risk of failure)
Press: ? - help, Q - select action, (/) - cycle Shift-Dir - straight line The zap hits the orc.
The orc is heavily wounded.
The orc shouts!
The zap hits the orc priest.
The orc priest is moderately wounded.
The orc priest shouts!
The orc wizard shouts!
The endoplasm hits you.
Casting: Shock (safe; 3% risk of failure)
Confirm with . or Enter, or press ? or * to list all spells.
The endoplasm is struck by an arc of lightning.
The endoplasm is severely wounded.
You are struck by an arc of lightning.
The lightning grounds out.
The endoplasm freezes you.
You are frozen.
Casting: Static Discharge (safe; 4% risk of failure)
Confirm with . or Enter, or press ? or * to list all spells.
The orc is struck by an arc of lightning.
You kill the orc!
You are struck by an arc of lightning.
The lightning grounds out.
The orc priest calls down the wrath of Beogh upon you.
Beogh smites you!
Ouch! That really hurt!
* * * LOW HITPOINT WARNING * * *
The endoplasm hits you but does no damage.
The endoplasm hits you.
You die...

#.# #.# #
#.# #
###.# #
...# # .o#
#
#######o##
#
#......@J#
#
#.#####.##
# ... #
##### # #
# # #


You could see an orc priest, an orc wizard and an endoplasm.

Vanquished Creatures
  A lemure (D:4)
  A hound (D:4)
  2 adders
  An orc (D:3)
  3 endoplasms
  2 giant cockroaches (D:1)
  4 goblins
  3 hobgoblins (D:1)
  10 jackals
  6 kobolds
  2 quokkas
  5 ball pythons
  7 bats (D:1)
  5 frilled lizards
  5 rats
57 creatures vanquished.

Notes
Turn   | Place    | Note
-------+----------+-------------------------------------------
     0 | D:1      | BlackCrag the Deep Elf Air Elementalist began the quest for
                  | the Orb.
     0 | D:1      | Reached XP level 1. HP: 10/10 MP: 6/6
   271 | D:1      | Reached XP level 2. HP: 15/15 MP: 4/8
   275 | D:1      | Learned a level 2 spell: Static Discharge
  1149 | D:2      | Reached XP level 3. HP: 13/19 MP: 8/10
  1153 | D:2      | Learned a level 3 spell: Swiftness
  1694 | D:2      | You fall into a shaft and drop 2 floors!
  1733 | D:4      | Noticed a necrophage
  1769 | D:4      | Noticed a lemure
  1770 | D:4      | Noticed a lemure
  1783 | D:4      | Reached XP level 4. HP: 20/24 MP: 12/12
  1790 | D:4      | Killed a lemure
  1796 | D:4      | Learned a level 4 spell: Airstrike
  1796 | D:4      | Noticed Pikel
  2071 | D:3      | Found a faded altar of an unknown god.
  2131 | D:3      | Found Joapnuco's Vocational Training.
  3220 | D:3      | Slain by an endoplasm

Illustrated notes

Levels and vault maps discovered:
D:1:      dpeg_arrival_radiant, layout_loops_ring, grunt_decor_junction,
          minivault_14
D:2:      layout_basic
D:3:      layout_basic, shapermc_ecumenical_altar_totnotflames,
          nicolae_shop_vocational
D:4:      layout_loops_ring, st_stairs_12, uniq_pikel, uniq_sigmund,
          uniq_blork_the_orc

Skill      XL: |  1  2  3 |
---------------+----------+-----
Spellcasting   | 4 |  4.1
Conjurations   | 2 |  2.1
Air Magic      | 4 |  4.3
Dodging        | |  2.5
Stealth        | |  2.9

Action                   |  1- 3 |  4- 6 || total
-------------------------+-------+-------++-------
 Cast: Shock             |    62 |    26 ||    88
       Static Discharge  |    10 |    11 ||    21
Armor: Robe              |     6 |     2 ||     8
Dodge: Dodged            |     4 |     5 ||     9
